 Dungeon Crawl Stone Soup version 0.21.1-1-g345015f (webtiles) character file.

977 prawnwizard the Skirmisher (level 7, 0/56 HPs)
             Began as a Demonspawn Monk on July 7, 2018.
             Slain by a crimson imp (3 damage)
             ... on level 6 of the Dungeon.
             The game lasted 00:09:25 (5282 turns).

prawnwizard the Skirmisher (Demonspawn Monk)        Turns: 5282, Time: 00:09:25

Health: 0/56       AC:  6    Str: 14    XL:     7   Next: 95%
Magic:  7/7        EV: 12    Int: 11    God:
Gold:   211        SH:  5    Dex: 18    Spells: 6/6 levels left

rFire    + . .     SeeInvis .   a - +0 hand axe
rCold    . . .     Gourm    .   p - +0 buckler
rNeg     . . .     Faith    .   D - +0 scale mail {rF+}
rPois    .         Spirit   .   (no helmet)
rElec    .         Reflect  .   (no cloak)
rCorr    .         Harm     +   (no gloves)
MR       +....                  (no boots)
Stlth    ++++......             z - amulet of harm
HPRegen  0.18/turn              t - +3 ring of dexterity
MPRegen  0.10/turn              B - ring of protection from magic

@: no status effects
A: hooves 1, nightstalker 3, powered by death 1
a: no special abilities


You were on level 6 of the Dungeon.
You were very hungry.

You visited 1 branch of the dungeon, and saw 6 of its levels.

You collected 211 gold pieces.

Inventory:

Hand Weapons
 a - a +0 hand axe (weapon)
Missiles
 j - 2 poisoned tomahawks (quivered)
Armour
 p - a +0 buckler (worn)
 D - a +0 scale mail of fire resistance (worn)
Jewellery
 t - a +3 ring of dexterity (left hand)
 z - an amulet of harm (around neck)
 B - a ring of protection from magic (right hand)
 C - an uncursed ring of poison resistance
Wands
 s - a wand of polymorph (2)
Scrolls
 e - 2 scrolls of teleportation {unknown}
 h - 3 scrolls of remove curse {unknown}
 k - 3 scrolls of blinking {unknown}
 m - a scroll of enchant armour {unknown}
 r - 4 scrolls of amnesia {unknown}
 u - 6 scrolls of identify {unknown}
 v - 3 scrolls of noise {unknown}
 w - a scroll of enchant weapon {unknown}
 y - 2 scrolls of fog {unknown}
 A - a scroll of magic mapping {unknown}
Potions
 d - 4 potions of heal wounds
 g - 5 potions of curing {unknown}
 i - 2 potions of ambrosia {unknown}
 l - a potion of berserk rage {unknown}
 n - a potion of degeneration {unknown}
 o - a potion of invisibility {unknown}
 q - a potion of cancellation {unknown}
 x - a potion of haste {unknown}
Comestibles
 c - 10 rations


   Skills:
 + Level 5.4 Fighting
 + Level 4.9 Axes
 + Level 4.9 Dodging
 - Level 1.7 Stealth
 - Level 4.1 Shields


You had 6 spell levels left.
You didn't know any spells.

Dungeon Overview and Level Annotations

Branches:
Dungeon (6/15)
 Temple: D:4-7

Altars:
Cheibriados
Ru

Annotations:
D:3 onlghost's ghost, amateur GrFi


Innate Abilities, Weirdness & Mutations

You have large cloven feet.
You are completely attuned to the shadows.
You regenerate a little health from kills.


Message History

You block the crimson imp's attack.
The orc wizard hits you with a dagger of speed.
A leopard gecko zombie comes into view.
You hit the orc wizard.
The orc wizard is heavily wounded.
You hit the ice beast. You completely miss the orc.
You hit the crimson imp but do no damage.
The ice beast hits you. The ice beast freezes you!
The orc wizard closely misses you. The crimson imp barely misses you.
The orc hits you with a flail of distortion!
Space warps horribly around you!
* * * LOW HITPOINT WARNING * * *
The orc wizard points at you and mumbles some strange words.
The puff of flame misses you.
You barely miss the orc wizard. You kick the orc wizard.
The orc wizard is heavily wounded.
You miss the crimson imp. You hit the orc but do no damage.
You hit the ice beast. The ice beast barely misses you.
The crimson imp hits you.
You die...

...##...###.....####
...####'#...........
).......#..........5
...<....#...........
........'......$.....
...##...#............
...######............
....# .....oYo...
....# .....@5...
....# ..........
...## ...Z......
.......... ..........
.......... .....#####
....


You could see an ice beast, an orc wizard, a crimson imp, an orc and a leopard
gecko zombie.

Vanquished Creatures
  Menkaure (D:5)
  2 sky beasts (D:5)
  A centaur (D:6)
  An ogre (D:4)
  A bullfrog (D:6)
  A scorpion (D:5)
  A howler monkey (D:6)
  2 crimson imps
  A jelly (D:4)
  Ijyb (D:4)
  2 worker ants (D:4)
  A howler monkey zombie (D:6)
  A worker ant zombie (D:6)
  6 adders
  A shadow imp (D:5)
  3 worms
  A dart slug (D:3)
  4 leopard geckos
  17 orcs
  2 ball pythons
  4 bats
  3 giant cockroaches
  6 goblins
  8 hobgoblins
  7 jackals
  A quokka (D:6)
  3 frilled lizards (D:2)
  7 kobolds
  9 rats
98 creatures vanquished.

Notes
Turn   | Place    | Note
-------+----------+-------------------------------------------
     0 | D:1      | prawnwizard the Demonspawn Monk began the quest for the Orb.
     0 | D:1      | Reached XP level 1. HP: 18/18 MP: 1/1
     2 | D:1      | Noticed a demonspawn
     4 | D:1      | Noticed a spriggan
     4 | D:1      | Noticed a gargoyle
     6 | D:1      | Noticed a centaur
     6 | D:1      | Noticed a dwarf
     8 | D:1      | Noticed a tengu
     8 | D:1      | Noticed a vine stalker
    10 | D:1      | Noticed a minotaur
    12 | D:1      | Noticed a felid
    14 | D:1      | Noticed a draconian
    16 | D:1      | Noticed a vampire
    16 | D:1      | Noticed an ogre
    18 | D:1      | Noticed an octopode
    18 | D:1      | Noticed a formicid
    20 | D:1      | Noticed a troll
    20 | D:1      | Noticed an elf
    22 | D:1      | Noticed a naga
    22 | D:1      | Noticed a human
    24 | D:1      | Noticed a merfolk
    24 | D:1      | Noticed a demigod
    26 | D:1      | Noticed a ghoul
    26 | D:1      | Noticed a halfling
   310 | D:1      | Gained mutation: You regenerate a little health from kills. [demonic ancestry]
   310 | D:1      | Reached XP level 2. HP: 24/24 MP: 2/2
   955 | D:2      | Gained mutation: You are slightly more attuned to the shadows. [demonic ancestry]
   955 | D:2      | Reached XP level 3. HP: 23/29 MP: 3/3
  1556 | D:2      | Gained mutation: You have large cloven feet. [demonic ancestry]
  1556 | D:2      | Reached XP level 4. HP: 28/37 MP: 4/4
  1641 | D:2      | Found a sacrificial altar of Ru.
  1801 | D:3      | Found a snail-covered altar of Cheibriados.
  2030 | D:3      | Noticed onlghost's ghost (amateur GrFi)
  2743 | D:3      | Reached skill level 1 in Shields
  3304 | D:4      | Reached XP level 5. HP: 37/42 MP: 5/5
  3314 | D:4      | Reached skill level 4 in Fighting
  3562 | D:4      | Found a sacrificial altar of Ru.
  3742 | D:4      | Noticed Ijyb
  3772 | D:4      | Killed Ijyb
  3781 | D:4      | Noticed an ogre
  3793 | D:4      | Killed an ogre
  3793 | D:4      | Gained mutation: You are significantly more attuned to the shadows. [demonic ancestry]
  3793 | D:4      | Reached XP level 6. HP: 30/48 MP: 6/6
  4032 | D:5      | Entered Level 5 of the Dungeon
  4032 | D:5      | Noticed a sky beast
  4046 | D:5      | Killed a sky beast
  4217 | D:5      | Noticed Menkaure
  4232 | D:5      | HP: 2/49 [Menkaure (6)]
  4233 | D:5      | Killed Menkaure
  4233 | D:5      | Gained mutation: You are completely attuned to the shadows. [demonic ancestry]
  4233 | D:5      | Reached XP level 7. HP: 2/55 MP: 7/7
  5093 | D:6      | Reached skill level 5 in Fighting
  5282 | D:6      | Slain by a crimson imp

Skill      XL: |  1  2  3  4  5  6  7 |
---------------+----------------------+-----
Axes           | 3 4 |  4.9
Dodging        | 3 4 |  4.9
Shields        | 1 2 3 4 |  4.1
Fighting       | 4 5 |  5.4
Stealth        | |  1.7

Action                   |  1- 3 |  4- 6 |  7- 9 || total
-------------------------+-------+-------+-------++-------
Melee: Hand axe          |   150 |   217 |    75 ||   442
       Kick              |       |    62 |    31 ||    93
  Use: Potion            |       |     1 |       ||     1
 Stab: Sleeping          |     5 |     4 |     3 ||    12
       Distracted        |       |     2 |       ||     2
  Eat: Chunk             |     2 |     8 |       ||    10
       Ration            |       |       |     1 ||     1
Armor: Robe              |     2 |       |       ||     2
       Ring mail         |    39 |    39 |     4 ||    82
       Skin              |       |    14 |       ||    14
       Scale mail        |       |       |    18 ||    18
Dodge: Dodged            |    99 |   114 |    45 ||   258
Block: Buckler           |       |    27 |    17 ||    44
